[Event "Niedersachsen-ch A 2024"]
[Site "Verden Aller"]
[Date "2024.01.04"]
[Round "2.11"]
[White "Trunz, Michelle"]
[Black "Ay, Furkan"]
[Result "0-1"]
[ECO "D85"]
[WhiteElo "2023"]
[BlackElo "1544"]
[Annotator "NA RC"]
[PlyCount "72"]
[EventDate "2024.01.01"]
[EventType "swiss"]
[EventCountry "GER"]
[SourceTitle "playchess.com"]
[Source "ChessBase"]
[SourceQuality "1"]
[TimeControl "40/5400+30:1800+30"]

1. d4 Nf6 2. c4 g6 3. Nc3 d5 4. cxd5 Nxd5 5. e4 Nxc3 6. bxc3 Bg7 7. Be3 c5 8. Qd2 Qa5 9. Rc1 O-O 10. Nf3 Rd8 11. d5 e6 12. c4 Qxd2+ 13. Nxd2 Na6 14. Bd3 Nb4 15. Bb1 Bb2 16. Rd1 exd5 17. cxd5 Na6 18. O-O b5 19. Nb3 c4 20. Nd4 Bd7 21. e5 Nc5 22. h3 b4 23. Bc2 a5 24. f4 Rac8 25. f5 a4 26. e6 fxe6 27. fxe6 b3 28. exd7 Rxd7 29. axb3 axb3 30. Nxb3 cxb3 31. Rb1 bxc2 32. Rxb2 Nd3 33. Rb3 c1=Q 34. Bxc1 Nxc1 35. Rb1 Nd3 36. Rb5 Rcd8 0-1

[Event "Niedersachsen-ch A 2024"]
[Site "Verden Aller"]
[Date "2024.01.04"]
[Round "2.12"]
[White "Schramm, Kilian"]
[Black "Loecken, Siegfried"]
[Result "0-1"]
[ECO "B22"]
[WhiteElo "1729"]
[BlackElo "2014"]
[Annotator "NA RC"]
[PlyCount "86"]
[EventDate "2024.01.01"]
[EventType "swiss"]
[EventCountry "GER"]
[SourceTitle "playchess.com"]
[Source "ChessBase"]
[SourceQuality "1"]
[TimeControl "40/5400+30:1800+30"]

1. e4 c5 2. c3 d5 3. exd5 Nf6 4. Nf3 Nxd5 5. Bc4 Nc6 6. O-O Bg4 7. Re1 e6 8. d3 Be7 9. Nbd2 O-O 10. Ne4 Nb6 11. h3 Bh5 12. Ng3 Bg6 13. Bb5 Bf6 14. Be3 Be7 15. Bxc6 bxc6 16. Ne5 Qd5 17. Bf4 Rac8 18. Qe2 Bf6 19. Nxg6 hxg6 20. Ne4 Rfd8 21. Red1 e5 22. Be3 c4 23. Nxf6+ gxf6 24. d4 e4 25. Qg4 Nd7 26. Rf1 Rb8 27. Rab1 Rb5 28. Bf4 Nf8 29. f3 Re8 30. Rfe1 Re6 31. Bh6 exf3 32. gxf3 Rxb2 33. Rxb2 Rxe1+ 34. Kf2 Re8 35. Rb7 Qa5 36. Rb2 Qxc3 37. Rd2 g5 38. Bxg5 fxg5 39. Qxg5+ Ng6 40. h4 Qc1 41. Kg3 Re1 42. Qd8+ Kg7 43. Rg2 Qf4+ 0-1

[Event "Niedersachsen-ch A 2024"]
[Site "Verden Aller"]
[Date "2024.01.04"]
[Round "2.13"]
[White "Zweigait, Leon"]
[Black "Kiesel, Lucas"]
[Result "0-1"]
[ECO "B07"]
[WhiteElo "1526"]
[BlackElo "1987"]
[Annotator "NA RC"]
[PlyCount "108"]
[EventDate "2024.01.01"]
[EventType "swiss"]
[EventCountry "GER"]
[SourceTitle "playchess.com"]
[Source "ChessBase"]
[SourceQuality "1"]
[TimeControl "40/5400+30:1800+30"]

1. e4 d6 2. Nc3 Nf6 3. f4 g6 4. Bc4 c6 5. Bb3 Bg4 6. Nf3 Bxf3 7. Qxf3 e5 8. d3 Nbd7 9. Bd2 Bg7 10. a3 b5 11. g4 Nc5 12. Ba2 Ne6 13. Bxe6 fxe6 14. fxe5 dxe5 15. Bg5 O-O 16. Qg3 Qd6 17. Bxf6 Rxf6 18. g5 Rf7 19. Ke2 Raf8 20. Raf1 Rf4 21. Qh3 R8f7 22. Nd1 Bf8 23. Ne3 Be7 24. Qg3 Qd4 25. c3 Qa4 26. Kd2 Bc5 27. d4 exd4 28. Rxf4 dxe3+ 29. Kc1 Bd6 30. e5 Rxf4 31. exd6 e2 32. Qd3 Rf8 33. Re1 Qf4+ 34. Kc2 Rd8 35. d7 Qf5 36. Rxe2 Rxd7 37. Qxf5 exf5 38. Re6 c5 39. Rc6 f4 40. Rf6 Rf7 41. Rxf7 Kxf7 42. Kd3 Ke6 43. Ke4 f3 44. Kxf3 Kf5 45. h4 c4 46. a4 bxa4 47. Ke3 Ke5 48. Kf3 Kf5 49. Ke3 Kg4 50. Kd4 Kxh4 51. Kxc4 Kxg5 52. Kb5 Kf6 53. c4 Ke7 54. Kc6 h5 0-1

[Event "Niedersachsen-ch A 2024"]
[Site "Verden Aller"]
[Date "2024.01.04"]
[Round "2.14"]
[White "Rausch, Darius"]
[Black "Hebbinghaus, Holger"]
[Result "0-1"]
[ECO "D02"]
[WhiteElo "1742"]
[BlackElo "2164"]
[Annotator "RC"]
[PlyCount "82"]
[EventDate "2024.01.01"]
[EventType "swiss"]
[EventCountry "GER"]
[SourceTitle "playchess.com"]
[Source "ChessBase"]
[SourceQuality "1"]
[TimeControl "40/5400+30:1800+30"]

1. d4 d5 2. Bf4 Nf6 3. e3 e6 4. Nf3 Bd6 5. Ne5 c5 6. Bb5+ Ke7 7. c3 Qc7 8. Bg3 Rd8 9. O-O Kf8 10. f4 Nc6 11. Bh4 Ne7 12. Bxf6 gxf6 13. Ng4 Kg7 14. Qe1 f5 15. Ne5 f6 16. Qg3+ Ng6 17. Nxg6 hxg6 18. Be2 Rh8 19. Nd2 e5 20. Qf3 Be6 21. Rac1 c4 22. g3 b5 23. b4 a5 24. a3 axb4 25. axb4 Ra2 26. Rfd1 Rha8 27. Nf1 R8a3 28. Rd2 Ra1 29. Rdd1 Rxc1 30. Rxc1 exd4 31. exd4 Bxb4 32. Ne3 Rxc3 33. Rxc3 Bxc3 34. Nxf5+ Bxf5 35. Qxc3 Qe7 36. Bf3 b4 37. Qc1 c3 38. g4 Be4 39. Bd1 Qa7 40. Qe3 Qa1 41. Qe2 c2 0-1

[Event "Niedersachsen-ch A 2024"]
[Site "Verden Aller"]
[Date "2024.01.04"]
[Round "2.15"]
[White "Sickmann, Lisa"]
[Black "Bulygin, Anton"]
[Result "1-0"]
[ECO "B33"]
[WhiteElo "1961"]
[BlackElo "2040"]
[Annotator "NA RC"]
[PlyCount "71"]
[EventDate "2024.01.01"]
[EventType "swiss"]
[EventCountry "GER"]
[SourceTitle "playchess.com"]
[Source "ChessBase"]
[SourceQuality "1"]
[TimeControl "40/5400+30:1800+30"]

1. e4 c5 2. Nf3 Nc6 3. d4 cxd4 4. Nxd4 Nf6 5. Nc3 e5 6. Ndb5 d6 7. Bg5 a6 8. Na3 b5 9. Bxf6 gxf6 10. Nd5 f5 11. c3 Bg7 12. exf5 Bxf5 13. Nc2 O-O 14. Nce3 Be6 15. g3 Ra7 16. Bg2 Ne7 17. O-O Nxd5 18. Nxd5 f5 19. Qd3 Kh8 20. Rad1 Bxd5 21. Qxd5 Rf6 22. Qc6 Qd7 23. Qxd7 Rxd7 24. Bd5 Bf8 25. a4 bxa4 26. Ra1 Rc7 27. Rxa4 Rc5 28. c4 a5 29. Rfa1 f4 30. Rxa5 fxg3 31. hxg3 Bg7 32. b4 Rc8 33. Ra8 Rff8 34. Rxc8 Rxc8 35. Ra6 Bf8 36. b5 1-0

[Event "Niedersachsen-ch A 2024"]
[Site "Verden Aller"]
[Date "2024.01.04"]
[Round "2.17"]
[White "Wilmink, Anna"]
[Black "Martin, Dennis"]
[Result "0-1"]
[ECO "B33"]
[WhiteElo "1822"]
[BlackElo "1991"]
[Annotator "NA RC"]
[PlyCount "126"]
[EventDate "2024.01.01"]
[EventType "swiss"]
[EventCountry "GER"]
[SourceTitle "playchess.com"]
[Source "ChessBase"]
[SourceQuality "1"]
[TimeControl "40/5400+30:1800+30"]

1. e4 c5 2. Nf3 Nc6 3. d4 cxd4 4. Nxd4 Nf6 5. Nc3 e5 6. Ndb5 d6 7. a4 a6 8. Na3 Be6 9. Bc4 Bxc4 10. Nxc4 Nxe4 11. Nxe4 d5 12. Nxe5 Nxe5 13. Ng3 Bc5 14. O-O O-O 15. Kh1 Qd7 16. f3 Rfe8 17. b3 Rac8 18. Bb2 Ba7 19. Re1 d4 20. Re4 f5 21. Re2 Rcd8 22. Qe1 Nc6 23. Rd1 Qf7 24. Qd2 Bc5 25. Qd3 g6 26. Rde1 Re3 27. Qd1 Bb4 28. Rf1 Qe6 29. Bc1 Re5 30. Bf4 Rxe2 31. Nxe2 Qf6 32. Bg3 g5 33. Be1 Bc5 34. Bf2 f4 35. Nc1 Ne7 36. Qe2 Kg7 37. Qc4 Bb6 38. c3 Rc8 39. Bxd4 Bxd4 40. Qxd4 Qxd4 41. cxd4 Nd5 42. g3 Rc3 43. gxf4 gxf4 44. Rg1+ Kf6 45. Kg2 Rc2+ 46. Kh3 Rf2 47. Rg8 Rxf3+ 48. Kg4 Rf2 49. Rd8 Ke6 50. h3 Nf6+ 51. Kg5 h6+ 52. Kxh6 Rg2 53. Rc8 f3 54. Nd3 f2 55. Nf4+ Kd7 56. Nxg2 f1=Q 57. Rf8 Qxg2 58. Rxf6 Qxh3+ 59. Kg7 Qxb3 60. a5 Qd5 61. Rb6 Qxd4+ 62. Kg6 Qxb6+ 63. axb6 Kc6 0-1

[Event "Niedersachsen-ch A 2024"]
[Site "Verden Aller"]
[Date "2024.01.04"]
[Round "2.18"]
[White "Weigand, Anton"]
[Black "Aden, Dagmar"]
[Result "1-0"]
[ECO "B07"]
[WhiteElo "2013"]
[BlackElo "1766"]
[Annotator "NA RC"]
[PlyCount "95"]
[EventDate "2024.01.01"]
[EventType "swiss"]
[EventCountry "GER"]
[SourceTitle "playchess.com"]
[Source "ChessBase"]
[SourceQuality "1"]
[TimeControl "40/5400+30:1800+30"]

1. e4 g6 2. d4 Bg7 3. Nc3 d6 4. Be3 Nf6 5. Qd2 Ng4 6. Bg5 h6 7. Bh4 g5 8. Bg3 e5 9. d5 c6 10. O-O-O c5 11. f3 Nf6 12. Kb1 Nbd7 13. Nge2 Nb6 14. Bf2 Bd7 15. Ng3 a6 16. Ka1 Qc7 17. Rb1 Nc8 18. b4 cxb4 19. Rxb4 b5 20. Be2 Ne7 21. Nd1 a5 22. Rb2 b4 23. Ne3 O-O 24. h4 Nh7 25. Nc4 Rab8 26. hxg5 Nxg5 27. Be3 f6 28. Rc1 Bb5 29. c3 Bxc4 30. cxb4 Rxb4 31. Rxb4 axb4 32. Rxc4 Qa5 33. Qxb4 Qxb4 34. Rxb4 f5 35. Bb6 fxe4 36. fxe4 Ng6 37. a4 Nf4 38. Bf1 Rc8 39. Rc4 Ra8 40. a5 Bf6 41. Ra4 Nf7 42. Nf5 Ng6 43. a6 Ne7 44. Nxe7+ Bxe7 45. Bb5 Nd8 46. a7 Kf8 47. Bxd8 Bxd8 48. Bc6 1-0

[Event "Niedersachsen-ch A 2024"]
[Site "Verden Aller"]
[Date "2024.01.04"]
[Round "2.19"]
[White "Kiesel, Harald"]
[Black "Gehrke, Mathias"]
[Result "1-0"]
[ECO "B22"]
[WhiteElo "1975"]
[BlackElo "1761"]
[Annotator "NA RC"]
[PlyCount "83"]
[EventDate "2024.01.01"]
[EventType "swiss"]
[EventCountry "GER"]
[SourceTitle "playchess.com"]
[Source "ChessBase"]
[SourceQuality "1"]
[TimeControl "40/5400+30:1800+30"]

1. e4 c5 2. Nf3 e6 3. c3 Nf6 4. e5 Nd5 5. d4 cxd4 6. cxd4 Bb4+ 7. Bd2 Bxd2+ 8. Qxd2 Nc6 9. Nc3 Nxc3 10. bxc3 d5 11. Bd3 h6 12. O-O Qa5 13. Rac1 b6 14. Qe2 Qa3 15. Nh4 Qe7 16. g3 Bd7 17. f4 g5 18. Ng2 Rc8 19. Ne3 h5 20. f5 g4 21. fxe6 fxe6 22. Bg6+ Kd8 23. Qd3 Be8 24. Bxe8 Qxe8 25. Rf6 Rf8 26. Rcf1 Rxf6 27. Rxf6 Rc7 28. Qf1 Kd7 29. Rf7+ Ne7 30. c4 Kc6 31. Qf6 Kb7 32. Qxe6 dxc4 33. d5 Qb5 34. Rxe7 Qb1+ 35. Nf1 Rxe7 36. Qxe7+ Ka6 37. Qa3+ Kb5 38. e6 Qe4 39. e7 c3 40. Qb3+ Kc5 41. Qxc3+ Kxd5 42. Qe3 1-0

[Event "Niedersachsen-ch A 2024"]
[Site "Verden Aller"]
[Date "2024.01.04"]
[Round "2.20"]
[White "Kelemen, Alexander"]
[Black "Ehlert, Horst"]
[Result "1/2-1/2"]
[ECO "A37"]
[WhiteElo "1817"]
[BlackElo "1940"]
[Annotator "NA RC"]
[PlyCount "74"]
[EventDate "2024.01.01"]
[EventType "swiss"]
[EventCountry "GER"]
[SourceTitle "playchess.com"]
[Source "ChessBase"]
[SourceQuality "1"]
[TimeControl "40/5400+30:1800+30"]

1. Nf3 c5 2. g3 Nc6 3. Bg2 g6 4. c4 Bg7 5. Nc3 e5 6. a3 Nge7 7. b4 d6 8. Rb1 O-O 9. O-O Rb8 10. d3 h6 11. b5 Nd4 12. Nxd4 cxd4 13. Nd5 Nxd5 14. Bxd5 Bh3 15. Re1 Kh7 16. Qa4 Qb6 17. Bd2 Bd7 18. Ba5 Qc5 19. Bb4 Qb6 20. Ba5 Qc5 21. Bb4 Qb6 22. Qa5 Qxa5 23. Bxa5 Rfc8 24. Bb4 Bf8 25. Bxf7 Kg7 26. Bd5 Kf6 27. Kg2 Be6 28. Bxe6 Kxe6 29. e3 dxe3 30. Rxe3 Kd7 31. Rf1 h5 32. Re4 a6 33. bxa6 bxa6 34. f4 d5 35. Rxe5 Bxb4 36. axb4 dxc4 37. dxc4 Rxc4 1/2-1/2

[Event "Niedersachsen-ch A 2024"]
[Site "Verden Aller"]
[Date "2024.01.04"]
[Round "2.21"]
[White "Gottschalk, Siegfried"]
[Black "Drygala, Lars"]
[Result "1-0"]
[ECO "D35"]
[WhiteElo "1939"]
[BlackElo "1869"]
[Annotator "NA RC"]
[PlyCount "63"]
[EventDate "2024.01.01"]
[EventType "swiss"]
[EventCountry "GER"]
[SourceTitle "playchess.com"]
[Source "ChessBase"]
[SourceQuality "1"]
[TimeControl "40/5400+30:1800+30"]

1. c4 Nf6 2. Nc3 e6 3. d4 d5 4. cxd5 exd5 5. Bg5 Be7 6. e3 O-O 7. Bd3 b6 8. Bxf6 Bxf6 9. Qh5 g6 10. Qxd5 c6 11. Qxd8 Rxd8 12. Nge2 Bb7 13. Be4 Na6 14. O-O Rac8 15. Rac1 Nb4 16. a3 Nd5 17. Nxd5 cxd5 18. Bd3 Kg7 19. Nc3 Be7 20. Rc2 f5 21. g3 h5 22. h4 Bf6 23. Rfc1 f4 24. Ne2 fxg3 25. Rc7+ Kh6 26. fxg3 Re8 27. Kf2 Rxc7 28. Rxc7 Re7 29. Rxe7 Bxe7 30. Nf4 g5 31. hxg5+ Kxg5 32. Be2 1-0

[Event "Niedersachsen-ch A 2024"]
[Site "Verden Aller"]
[Date "2024.01.04"]
[Round "2.22"]
[White "Stein, Luis"]
[Black "Kozik, Andreas"]
[Result "1/2-1/2"]
[ECO "C00"]
[WhiteElo "1762"]
[BlackElo "1912"]
[Annotator "NA RC"]
[PlyCount "51"]
[EventDate "2024.01.01"]
[EventType "swiss"]
[EventCountry "GER"]
[SourceTitle "playchess.com"]
[Source "ChessBase"]
[SourceQuality "1"]
[TimeControl "40/5400+30:1800+30"]

1. e4 e6 2. c4 d5 3. cxd5 exd5 4. exd5 Nf6 5. Bb5+ Nbd7 6. Nc3 Be7 7. Nf3 O-O 8. d4 Nb6 9. h3 Nfxd5 10. O-O c6 11. Bd3 Bf6 12. Ne4 Bf5 13. a3 Re8 14. Nxf6+ Qxf6 15. Qc2 Bxd3 16. Qxd3 Nf4 17. Bxf4 Qxf4 18. Rfe1 Nd5 19. Ne5 Re7 20. Re4 Qf6 21. Rae1 Rae8 22. Ng4 Qd6 23. Rxe7 Rxe7 24. Rxe7 Qxe7 25. Ne3 Qg5 26. Qe4 1/2-1/2

[Event "Niedersachsen-ch A 2024"]
[Site "Verden Aller"]
[Date "2024.01.04"]
[Round "2.23"]
[White "Moller, Tomas"]
[Black "Bisa, Gani"]
[Result "1-0"]
[ECO "A45"]
[WhiteElo "1553"]
[BlackElo "1931"]
[Annotator "NA RC"]
[PlyCount "63"]
[EventDate "2024.01.01"]
[EventType "swiss"]
[EventCountry "GER"]
[SourceTitle "playchess.com"]
[Source "ChessBase"]
[SourceQuality "1"]
[TimeControl "40/5400+30:1800+30"]

1. d4 Nf6 2. Nc3 e6 3. Bf4 Bb4 4. Qd3 b6 5. f3 O-O 6. e4 Ba6 7. Qe3 Bxf1 8. Kxf1 d6 9. Nge2 Nbd7 10. g4 e5 11. Bg5 exd4 12. Nxd4 Bc5 13. b4 Bxd4 14. Qxd4 Ne5 15. Kg2 h6 16. Bh4 g5 17. Bg3 Ng6 18. Rad1 Qe7 19. h4 Rad8 20. hxg5 hxg5 21. b5 Ne5 22. Qd2 Nh7 23. Nd5 Qe6 24. Nxc7 Qc4 25. Nd5 f6 26. Bxe5 dxe5 27. Ne7+ Kg7 28. Nf5+ Kh8 29. Qxd8 Kg8 30. Qd7 Rf7 31. Nh6+ Kg7 32. Qxf7+ 1-0

[Event "Niedersachsen-ch A 2024"]
[Site "Verden Aller"]
[Date "2024.01.04"]
[Round "2.27"]
[White "Arndt, Felix"]
[Black "Stiller, Maximilian"]
[Result "1/2-1/2"]
[ECO "D46"]
[WhiteElo "1901"]
[BlackElo "1786"]
[Annotator "NA RC"]
[PlyCount "61"]
[EventDate "2024.01.01"]
[EventType "swiss"]
[EventCountry "GER"]
[SourceTitle "playchess.com"]
[Source "ChessBase"]
[SourceQuality "1"]
[TimeControl "40/5400+30:1800+30"]

1. d4 c6 2. c4 Nf6 3. Nc3 e6 4. Nf3 d5 5. e3 Nbd7 6. Bd3 Be7 7. O-O O-O 8. Qe2 dxc4 9. Bxc4 b5 10. Bd3 a6 11. Rd1 Bb7 12. a3 c5 13. dxc5 Bxc5 14. b4 Bb6 15. Bb2 Qe7 16. Ng5 h6 17. Nge4 Rac8 18. Nd6 Rc7 19. Nxb7 Rxb7 20. Ne4 Rc7 21. Rac1 Rfc8 22. Rxc7 Rxc7 23. Qf3 Nd5 24. h3 Rc8 25. Ng3 Ba7 26. Nh5 N7f6 27. Nxf6+ Nxf6 28. Bxf6 gxf6 29. Qf4 Kg7 30. Qg4+ Kh8 31. Qf4 1/2-1/2

[Event "Niedersachsen-ch A 2024"]
[Site "Verden Aller"]
[Date "2024.01.04"]
[Round "2.28"]
[White "Stummeyer, Dieter"]
[Black "Soellig, Martin"]
[Result "0-1"]
[ECO "C02"]
[WhiteElo "1804"]
[BlackElo "1892"]
[Annotator "NA RC"]
[PlyCount "144"]
[EventDate "2024.01.01"]
[EventType "swiss"]
[EventCountry "GER"]
[SourceTitle "playchess.com"]
[Source "ChessBase"]
[SourceQuality "1"]
[TimeControl "40/5400+30:1800+30"]

1. e4 e6 2. d4 d5 3. e5 c5 4. c3 Nc6 5. Nf3 Qb6 6. a3 c4 7. Nbd2 Na5 8. b3 cxb3 9. Rb1 Bd7 10. c4 dxc4 11. Nxc4 Nxc4 12. Bxc4 Ba4 13. O-O Ne7 14. Bxb3 Bxb3 15. Rxb3 Qc6 16. Qd3 Nd5 17. Bd2 Be7 18. Rc1 Qd7 19. Ng5 h6 20. Ne4 b6 21. Qg3 Kf8 22. Bb4 Nxb4 23. axb4 Qxd4 24. Nd6 Bxd6 25. exd6 g6 26. Rd3 Qb2 27. Rdc3 Kg7 28. Qe5+ Kh7 29. Qf4 Rhf8 30. Rc7 Kg7 31. R7c3 Rad8 32. Qd4+ Kg8 33. d7 f6 34. Qd6 Kf7 35. h3 Qa2 36. Re3 Qd5 37. Qxd5 exd5 38. Rc7 a5 39. bxa5 bxa5 40. Ra7 a4 41. Kf1 a3 42. Rexa3 Ke6 43. R3a6+ Ke5 44. g3 g5 45. Ke2 Rf7 46. f4+ gxf4 47. gxf4+ Kxf4 48. Rd6 Ke5 49. Raa6 Rdxd7 50. Re6+ Kf5 51. Kd3 d4 52. Re1 Rd5 53. Rf1+ Kg6 54. Rf4 Rf5 55. Rg4+ Rg5 56. Kxd4 Rxg4+ 57. hxg4 Kg5 58. Kd5 Re7 59. Ra4 h5 60. gxh5 Kxh5 61. Kd6 Re3 62. Ra1 f5 63. Kd5 f4 64. Rg1 Kh4 65. Kd4 Re8 66. Kd3 f3 67. Rg7 Kh3 68. Kd2 f2 69. Rf7 Kg2 70. Rg7+ Kf1 71. Rh7 Rd8+ 72. Ke3 Ke1 0-1

[Event "Niedersachsen-ch A 2024"]
[Site "Verden Aller"]
[Date "2024.01.04"]
[Round "2.29"]
[White "Thomas, Jeremy"]
[Black "Nuerenberg, Marius"]
[Result "1-0"]
[ECO "B90"]
[WhiteElo "1893"]
[BlackElo "1764"]
[Annotator "NA RC"]
[PlyCount "55"]
[EventDate "2024.01.01"]
[EventType "swiss"]
[EventCountry "GER"]
[SourceTitle "playchess.com"]
[Source "ChessBase"]
[SourceQuality "1"]
[TimeControl "40/5400+30:1800+30"]

1. e4 c5 2. Nf3 d6 3. d4 cxd4 4. Nxd4 Nf6 5. Nc3 a6 6. Be3 e5 7. Nb3 Be6 8. f3 Be7 9. Qd2 Nbd7 10. g4 b5 11. O-O-O Nb6 12. g5 b4 13. Na4 Nfd7 14. Nxb6 Nxb6 15. Na5 Qc7 16. Qxb4 Rb8 17. Qc3 Qxc3 18. bxc3 d5 19. Nc6 Ba3+ 20. Kd2 Rc8 21. Nxe5 Bb2 22. Bd4 dxe4 23. Bxa6 e3+ 24. Ke2 Rxc3 25. Bxc3 Bxc3 26. Bb5+ Ke7 27. Nc6+ Ke8 28. Rd8# 1-0

[Event "Niedersachsen-ch A 2024"]
[Site "Verden Aller"]
[Date "2024.01.04"]
[Round "2.30"]
[White "Moerke, Niklas"]
[Black "Langer, Michael S."]
[Result "1/2-1/2"]
[ECO "D13"]
[WhiteElo "1800"]
[BlackElo "1888"]
[Annotator "NA RC"]
[PlyCount "28"]
[EventDate "2024.01.01"]
[EventType "swiss"]
[EventCountry "GER"]
[SourceTitle "playchess.com"]
[Source "ChessBase"]
[SourceQuality "1"]
[TimeControl "40/5400+30:1800+30"]

1. d4 d5 2. c4 c6 3. Nc3 Nf6 4. Nf3 a6 5. cxd5 cxd5 6. Bf4 Nc6 7. e3 Bg4 8. Be2 Bxf3 9. Bxf3 e6 10. O-O Bd6 11. Bxd6 Qxd6 12. a3 O-O 13. b4 Rac8 14. Qd3 b5 1/2-1/2

[Event "Niedersachsen-ch A 2024"]
[Site "Verden Aller"]
[Date "2024.01.04"]
[Round "2.31"]
[White "ter Stal, Lars"]
[Black "Martin, Sam B"]
[Result "0-1"]
[ECO "B06"]
[WhiteElo "1770"]
[BlackElo "1939"]
[Annotator "NA RC"]
[PlyCount "21"]
[EventDate "2024.01.01"]
[EventType "swiss"]
[EventCountry "GER"]
[SourceTitle "playchess.com"]
[Source "ChessBase"]
[SourceQuality "1"]
[TimeControl "40/5400+30:1800+30"]

1. e4 g6 2. d4 Bg7 3. Bf4 c5 4. c3 cxd4 5. cxd4 Qb6 6. Nf3 Nc6 7. e5 Qxb2 8. Nbd2 Nxd4 9. Bd3 Qc3 10. Be4 Nxf3+ 11. Qxf3 0-1

[Event "Niedersachsen-ch A 2024"]
[Site "Verden Aller"]
[Date "2024.01.04"]
[Round "2.32"]
[White "Vormann, Dirk"]
[Black "Ahlbrecht, Malte"]
[Result "0-1"]
[ECO "D12"]
[WhiteElo "1854"]
[BlackElo "1727"]
[Annotator "NA RC"]
[PlyCount "100"]
[EventDate "2024.01.01"]
[EventType "swiss"]
[EventCountry "GER"]
[SourceTitle "playchess.com"]
[Source "ChessBase"]
[SourceQuality "1"]
[TimeControl "40/5400+30:1800+30"]

1. d4 d5 2. Nf3 Nf6 3. e3 Bf5 4. c4 c6 5. Nc3 g6 6. b3 Na6 7. a3 Bg7 8. Bb2 O-O 9. Bd3 Bxd3 10. Qxd3 c5 11. Nxd5 Nxd5 12. cxd5 Qxd5 13. e4 Qd7 14. e5 Qd5 15. O-O cxd4 16. Bxd4 Nc5 17. Qc4 Qxc4 18. bxc4 Nb3 19. Rad1 Rfc8 20. Rd3 Nxd4 21. Rxd4 Rc7 22. g3 Rac8 23. Rfd1 Rxc4 24. Rxc4 Rxc4 25. Rd7 Rc3 26. Rd8+ Bf8 27. Ng5 h6 28. Nh7 Kxh7 29. Rxf8 Kg7 30. Re8 e6 31. Re7 Rb3 32. Rc7 a6 33. a4 Rb4 34. Kg2 b5 35. axb5 axb5 36. Rb7 g5 37. h3 h5 38. f4 gxf4 39. gxf4 Rxf4 40. Rxb5 Rf5 41. Kg3 Kg6 42. Kh4 f6 43. Rb8 Rxe5 44. Rg8+ Kf7 45. Rh8 Kg7 46. Re8 Kf7 47. Rh8 Rf5 48. Rh7+ Kg6 49. Rh8 Rf4+ 50. Kg3 e5 0-1

[Event "Niedersachsen-ch A 2024"]
[Site "Verden Aller"]
[Date "2024.01.04"]
[Round "2.33"]
[White "Trunz, Tamila"]
[Black "Schiller, Jan-Hendrik"]
[Result "0-1"]
[ECO "B94"]
[WhiteElo "1766"]
[BlackElo "1881"]
[Annotator "NA RC"]
[PlyCount "214"]
[EventDate "2024.01.01"]
[EventType "swiss"]
[EventCountry "GER"]
[SourceTitle "playchess.com"]
[Source "ChessBase"]
[SourceQuality "1"]
[TimeControl "40/5400+30:1800+30"]

1. e4 c5 2. Nf3 d6 3. d4 cxd4 4. Nxd4 Nf6 5. Nc3 a6 6. Bg5 Nbd7 7. f4 Qc7 8. Qf3 h6 9. Bh4 g5 10. fxg5 hxg5 11. Bxg5 Qc5 12. Bxf6 Nxf6 13. Nb3 Qe5 14. h3 Bg4 15. Qd3 d5 16. Nd2 Nxe4 17. Ndxe4 dxe4 18. Nxe4 Bf5 19. O-O-O Bh6+ 20. Kb1 Qxe4 21. Qc3 O-O 22. Bd3 Qe6 23. Rhe1 Qg6 24. Rxe7 Bg7 25. Bxf5 Qxf5 26. Qb3 Rad8 27. Rde1 b5 28. a3 a5 29. g4 Qd5 30. Qxd5 Rxd5 31. Rb7 Bf6 32. Rf1 Kg7 33. Rf5 Rxf5 34. gxf5 Bd8 35. Rxb5 Rh8 36. Rd5 Kf6 37. c4 Bc7 38. Rd3 Rb8 39. Kc2 a4 40. c5 Be5 41. Rd7 Rxb2+ 42. Kd3 Rb3+ 43. Ke4 Rxa3 44. Ra7 Bg3 45. Kd4 Bf2+ 46. Kd5 Rc3 47. Rxa4 Rxc5+ 48. Ke4 Re5+ 49. Kf3 Rxf5+ 50. Kg4 Kg6 51. Ra6+ Rf6 52. Ra5 Re6 53. Rg5+ Kh7 54. Rf5 Be1 55. Rxf7+ Kg6 56. Rb7 Kh6 57. Rb5 Rg6+ 58. Kf4 Bd2+ 59. Kf3 Bg5 60. Rd5 Bh4 61. Ke4 Rg3 62. Rd6+ Kh5 63. Rd5+ Bg5 64. Rd3 Rg1 65. Kd5 Kh4 66. Ke4 Re1+ 67. Kf3 Rb1 68. Kg2 Rb2+ 69. Kf1 Bf4 70. Rd4 Kg3 71. Rd3+ Kh2 72. Ke1 Bg3+ 73. Kd1 Kxh3 74. Rd2 Rb7 75. Kc2 Kg4 76. Rd4+ Kf5 77. Ra4 Rd7 78. Ra3 Be5 79. Rd3 Rc7+ 80. Kd2 Bf4+ 81. Ke2 Ke4 82. Ra3 Rc2+ 83. Kd1 Rd2+ 84. Ke1 Rh2 85. Ra4+ Kf3 86. Ra3+ Be3 87. Kd1 Rd2+ 88. Ke1 Rd7 89. Rb3 Rd2 90. Rb7 Ra2 91. Kd1 Rd2+ 92. Ke1 Rc2 93. Rb1 Ra2 94. Kd1 Rd2+ 95. Ke1 Rd3 96. Rb2 Bd4 97. Rb1 Bc3+ 98. Kf1 Rd2 99. Rc1 Rf2+ 100. Kg1 Be5 101. Rd1 Bf4 102. Rd7 Rc2 103. Rd3+ Be3+ 104. Kh1 Re2 105. Rd7 Re1+ 106. Kh2 Bf4+ 107. Kh3 Rh1# 0-1

[Event "Niedersachsen-ch A 2024"]
[Site "Verden Aller"]
[Date "2024.01.04"]
[Round "2.34"]
[White "Monnerjahn, Lukas"]
[Black "Burnus, Finn Crispin"]
[Result "1-0"]
[ECO "E02"]
[WhiteElo "1856"]
[BlackElo "1655"]
[Annotator "NA RC"]
[PlyCount "115"]
[EventDate "2024.01.01"]
[EventType "swiss"]
[EventCountry "GER"]
[SourceTitle "playchess.com"]
[Source "ChessBase"]
[SourceQuality "1"]
[TimeControl "40/5400+30:1800+30"]

1. d4 Nf6 2. c4 e6 3. Nf3 d5 4. g3 Be7 5. Bg2 O-O 6. O-O dxc4 7. Qc2 Nbd7 8. Qxc4 c5 9. dxc5 Nxc5 10. Nc3 Bd7 11. Rd1 Rc8 12. Ne5 Qc7 13. Bf4 Qb6 14. Nxd7 Ncxd7 15. Qb5 Qxb5 16. Nxb5 a6 17. Nc3 e5 18. Be3 Rc7 19. Rac1 Rfc8 20. a3 h6 21. Bh3 Rd8 22. Rc2 Kf8 23. Rcd2 Ke8 24. Kf1 Bc5 25. Bxc5 Rxc5 26. Na4 Rcc8 27. b4 g5 28. Bf5 Ke7 29. e4 Rb8 30. Ke2 b5 31. Nc3 Nb6 32. Rxd8 Rxd8 33. Rxd8 Kxd8 34. Kd3 Kc7 35. Kc2 Nc4 36. a4 bxa4 37. Nxa4 Nd6 38. Nc5 Kb6 39. Nd3 Nc4 40. Kc3 Kb5 41. f3 h5 42. Bh3 g4 43. Bf1 Ne3 44. Be2 gxf3 45. Bxf3 Nf1 46. Nxe5 Nxh2 47. Be2+ Kb6 48. Kd4 a5 49. bxa5+ Kxa5 50. Nxf7 Nhg4 51. e5 Ne8 52. Bxg4 hxg4 53. Nh6 Kb6 54. Nxg4 Kc6 55. Nf6 Nxf6 56. exf6 Kd6 57. g4 Ke6 58. g5 1-0

[Event "Niedersachsen-ch A 2024"]
[Site "Verden Aller"]
[Date "2024.01.04"]
[Round "2.35"]
[White "Hoke, Joshua"]
[Black "Harms, Friedjof"]
[Result "1/2-1/2"]
[ECO "C65"]
[WhiteElo "1600"]
[BlackElo "1844"]
[Annotator "NA RC"]
[PlyCount "59"]
[EventDate "2024.01.01"]
[EventType "swiss"]
[EventCountry "GER"]
[SourceTitle "playchess.com"]
[Source "ChessBase"]
[SourceQuality "1"]
[TimeControl "40/5400+30:1800+30"]

1. e4 e5 2. Nf3 Nc6 3. Bb5 Bc5 4. c3 Nf6 5. O-O O-O 6. d4 Bb6 7. Re1 d6 8. h3 Bd7 9. dxe5 Nxe5 10. Bxd7 Nexd7 11. Bg5 h6 12. Bh4 Re8 13. Nbd2 g5 14. Bg3 Nh5 15. Bh2 Qf6 16. Nd4 Nf4 17. N2f3 Ne5 18. Nxe5 dxe5 19. Nf5 Rad8 20. Qc2 Rd7 21. Rad1 Red8 22. Rxd7 Rxd7 23. Rd1 Rxd1+ 24. Qxd1 Kh7 25. h4 Kg6 26. hxg5 Qxg5 27. Bg3 h5 28. Qf3 Qg4 29. Bxf4 Qxf3 30. Nh4+ 1/2-1/2